[ AOE2 MATCH · #480557006 ]
UnrankedLithuanians vs Slavs
[ REPLAY ANALYSIS · EXTRACTED FROM THE RECORDED GAME ]
Feudal
—
Castle
—
Imperial
—
| APM avg | 17.8 |
| APM peak | 36 |
| eAPM avg | 11.5 |
| Villagers / military | 22 / 0 |
Focus
⚔️ 3.7% · 🌾 96.3%
Fishing Ship ×20
Feudal
—
Castle
—
Imperial
—
| APM avg | 20.3 |
| APM peak | 33 |
| eAPM avg | 8.7 |
| Villagers / military | 20 / 0 |
Focus
⚔️ 23.1% · 🌾 76.9%
Fishing Ship ×5
Feudal
—
Castle
—
Imperial
—
| APM avg | 38.2 |
| APM peak | 76 |
| eAPM avg | 19.8 |
| Villagers / military | 23 / 0 |
Focus
⚔️ 21.8% · 🌾 78.2%
Fishing Ship ×16
Feudal
—
Castle
—
Imperial
—
| APM avg | 27.3 |
| APM peak | 74 |
| eAPM avg | 12.9 |
| Villagers / military | 24 / 0 |
Focus
⚔️ 21.4% · 🌾 78.6%
Fishing Ship ×6
Feudal
12:11
Castle
—
Imperial
—
| APM avg | 28.9 |
| APM peak | 50 |
| eAPM avg | 10.6 |
| Villagers / military | 26 / 0 |
Focus
⚔️ 38.0% · 🌾 62.0%
Fishing Ship ×6
Feudal
—
Castle
—
Imperial
—
| APM avg | 24.9 |
| APM peak | 72 |
| eAPM avg | 9.6 |
| Villagers / military | 18 / 0 |
Focus
⚔️ 22.9% · 🌾 77.1%
Fishing Ship ×10
Feudal
—
Castle
—
Imperial
—
| APM avg | 26.9 |
| APM peak | 57 |
| eAPM avg | 15.9 |
| Villagers / military | 29 / 0 |
Focus
⚔️ 17.4% · 🌾 82.6%
Fishing Ship ×13
Feudal
—
Castle
—
Imperial
—
| APM avg | 24.7 |
| APM peak | 44 |
| eAPM avg | 12.7 |
| Villagers / military | 22 / 0 |
Focus
⚔️ 22.1% · 🌾 77.9%
Fishing Ship ×9
Match map
Initial resources + every placement click. Lines = walls · curves = elevation contours. ◆ gold · ⬟ stone · ● berries · ✦ relic · ◌ wall gap
Your base· Open — 10t gap
SSx_Sinistro's base· Open — 4t gap
THE CID's base· Open — unwalled flank
Dybi's base· Open — 12t gap
JR | cristopher7gc's base· Open — unwalled flank
[TEMPLE]Al.Alejandr22's base· Open — 9t gap
Criminalss's base· Open — 9t gap
MrSpring84's base· Open — unwalled flank
Smoothed initial terrain · ◌ = detected wall gap · hover for details
Inputs per minute
— SQ | dfLozanot - - SSx_Sinistro
Build order — SQ | dfLozanot
57 actions detected in the replay
| 0:04 | Build | Town Center |
| 1:20 | Build | Dock |
| 2:28 | Create | Villager (Male) |
| 2:29 | Create | Villager (Male) |
| 2:29 | Create | Villager (Male) |
| 2:29 | Create | Villager (Male) |
| 2:29 | Create | Villager (Male) |
| 2:30 | Create | Villager (Male) |
| 3:22 | Create | Fishing Ship |
| 3:53 | Create | Villager (Male) |
| 4:00 | Build | House |
| 4:25 | Create | Fishing Ship |
| 4:57 | Create | Fishing Ship |
| 5:19 | Create | Villager (Male) |
| 5:32 | Build | House |
| 5:38 | Create | Fishing Ship |
| 5:50 | Create | Villager (Male) |
| 6:00 | Create | Fishing Ship |
| 6:00 | Create | Fishing Ship |
| 6:27 | Create | Villager (Male) |
| 6:28 | Create | Fishing Ship |
| 6:36 | Build | House |
| 6:54 | Create | Villager (Male) |
| 7:24 | Create | Villager (Male) |
| 7:27 | Create | Fishing Ship |
| 7:38 | Build | Dock |
| 7:53 | Create | Villager (Male) |
| 8:04 | Build | House |
| 8:09 | Create | Villager (Male) |
| 8:17 | Create | Fishing Ship |
| 8:20 | Create | Fishing Ship |
| 8:44 | Create | Villager (Male) |
| 8:45 | Create | Villager (Male) |
| 8:48 | Create | Fishing Ship |
| 8:49 | Create | Fishing Ship |
| 9:10 | Create | Fishing Ship |
| 9:21 | Create | Fishing Ship |
| 9:33 | Create | Villager (Male) |
| 9:48 | Build | Dock |
| 9:52 | Create | Villager (Male) |
| 10:04 | Build | Mining Camp |
| 10:13 | Build | House |
| 10:17 | Create | Villager (Male) |
| 10:21 | Create | Fishing Ship |
| 10:21 | Create | Fishing Ship |
| 10:37 | Create | Fishing Ship |
| 10:52 | Create | Villager (Male) |
| 10:55 | Research | Loom |
| 11:05 | Build | Mill |
| 11:10 | Create | Fishing Ship |
| 11:15 | Create | Fishing Ship |
| 11:35 | Create | Fishing Ship |
| 12:03 | Research | Feudal Age |
| 12:08 | Build | Mining Camp |
| 12:15 | Create | Villager (Male) |
| 12:31 | Create | Villager (Male) |
| 12:41 | Build | Lumber Camp |
Build order — SSx_Sinistro
37 actions detected in the replay
| 1:00 | Build | Town Center |
| 2:09 | Build | Palisade Wall |
| 2:10 | Build | Palisade Wall |
| 2:12 | Build | Palisade Wall |
| 2:14 | Build | Palisade Wall |
| 3:15 | Create | Villager (Male) |
| 3:16 | Create | Villager (Male) |
| 3:16 | Create | Villager (Male) |
| 3:17 | Create | Villager (Male) |
| 3:22 | Build | House |
| 4:01 | Research | Loom |
| 5:22 | Create | Villager (Male) |
| 5:23 | Create | Villager (Male) |
| 5:27 | Build | Dock |
| 5:32 | Build | House |
| 5:42 | Create | Villager (Male) |
| 6:19 | Create | Villager (Male) |
| 6:28 | Create | Villager (Male) |
| 7:09 | Create | Villager (Male) |
| 7:47 | Create | Villager (Male) |
| 7:48 | Create | Villager (Male) |
| 7:52 | Create | Fishing Ship |
| 8:17 | Create | Villager (Male) |
| 8:18 | Create | Villager (Male) |
| 8:24 | Build | House |
| 8:50 | Create | Villager (Male) |
| 8:56 | Build | House |
| 9:03 | Create | Villager (Male) |
| 9:18 | Create | Villager (Male) |
| 9:59 | Create | Fishing Ship |
| 10:03 | Create | Fishing Ship |
| 10:31 | Create | Villager (Male) |
| 10:32 | Create | Fishing Ship |
| 10:39 | Build | Mill |
| 10:42 | Create | Fishing Ship |
| 11:39 | Create | Villager (Male) |
| 11:39 | Create | Villager (Male) |
Build order — THE CID
56 actions detected in the replay
| 0:15 | Build | Town Center |
| 1:15 | Build | Dock |
| 1:17 | Build | House |
| 2:33 | Create | Villager (Male) |
| 2:37 | Create | Fishing Ship |
| 2:38 | Create | Fishing Ship |
| 2:39 | Create | Villager (Male) |
| 2:39 | Create | Villager (Male) |
| 2:40 | Create | Villager (Male) |
| 2:40 | Create | Villager (Male) |
| 2:40 | Create | Villager (Male) |
| 3:41 | Build | House |
| 3:59 | Create | Villager (Male) |
| 4:09 | Create | Fishing Ship |
| 4:09 | Create | Fishing Ship |
| 4:41 | Create | Fishing Ship |
| 4:41 | Create | Fishing Ship |
| 4:54 | Create | Villager (Male) |
| 4:58 | Build | House |
| 5:19 | Create | Villager (Male) |
| 5:34 | Create | Fishing Ship |
| 5:34 | Create | Fishing Ship |
| 5:43 | Create | Villager (Male) |
| 6:06 | Create | Villager (Male) |
| 6:09 | Create | Fishing Ship |
| 6:22 | Build | House |
| 6:25 | Create | Villager (Male) |
| 6:47 | Create | Villager (Male) |
| 6:55 | Create | Fishing Ship |
| 7:03 | Create | Villager (Male) |
| 7:06 | Build | House |
| 7:07 | Create | Villager (Male) |
| 7:07 | Create | Villager (Male) |
| 7:33 | Create | Villager (Male) |
| 7:36 | Create | Fishing Ship |
| 7:36 | Create | Fishing Ship |
| 7:47 | Create | Villager (Male) |
| 7:57 | Create | Fishing Ship |
| 8:15 | Create | Villager (Male) |
| 8:28 | Create | Fishing Ship |
| 8:45 | Build | Mill |
| 8:54 | Create | Villager (Male) |
| 8:56 | Build | House |
| 9:24 | Create | Fishing Ship |
| 9:33 | Create | Villager (Male) |
| 9:49 | Build | Mining Camp |
| 9:53 | Create | Villager (Male) |
| 10:14 | Create | Fishing Ship |
| 10:19 | Research | Loom |
| 10:32 | Build | Palisade Wall |
| 10:43 | Research | Feudal Age |
| 10:43 | Research | Feudal Age |
| 10:53 | Build | Farm |
| 10:54 | Build | Farm |
| 11:10 | Build | Farm |
| 11:47 | Create | Villager (Male) |
Build order — Dybi
46 actions detected in the replay
| 0:03 | Build | Town Center |
| 1:58 | Build | Dock |
| 2:01 | Build | House |
| 2:13 | Build | Palisade Wall |
| 2:15 | Build | Palisade Wall |
| 2:27 | Create | Villager (Male) |
| 2:27 | Create | Villager (Male) |
| 2:28 | Create | Villager (Male) |
| 2:39 | Create | Villager (Male) |
| 4:11 | Research | Loom |
| 4:44 | Create | Villager (Male) |
| 4:44 | Create | Villager (Male) |
| 4:58 | Create | Fishing Ship |
| 5:05 | Build | House |
| 5:14 | Create | Villager (Male) |
| 5:40 | Create | Villager (Male) |
| 5:40 | Create | Villager (Male) |
| 6:01 | Create | Villager (Male) |
| 6:02 | Create | Villager (Male) |
| 6:07 | Create | Fishing Ship |
| 6:32 | Create | Villager (Male) |
| 6:47 | Build | House |
| 6:50 | Build | Palisade Wall |
| 7:01 | Create | Villager (Male) |
| 7:03 | Create | Villager (Male) |
| 7:32 | Create | Villager (Male) |
| 7:34 | Create | Fishing Ship |
| 8:17 | Create | Villager (Male) |
| 8:17 | Create | Villager (Male) |
| 8:24 | Build | Mill |
| 8:51 | Create | Villager (Male) |
| 8:53 | Create | Fishing Ship |
| 9:13 | Create | Villager (Male) |
| 9:40 | Build | Mill |
| 10:01 | Create | Fishing Ship |
| 10:26 | Research | Feudal Age |
| 10:29 | Create | Villager (Male) |
| 10:29 | Create | Villager (Male) |
| 10:40 | Build | Mining Camp |
| 11:00 | Build | House |
| 11:12 | Create | Villager (Male) |
| 11:21 | Create | Villager (Male) |
| 11:51 | Create | Villager (Male) |
| 11:55 | Research | Feudal Age |
| 12:21 | Create | Fishing Ship |
| 12:44 | Build | Mill |
Build order — JR | cristopher7gc
47 actions detected in the replay
| 0:17 | Build | Town Center |
| 1:06 | Build | Dock |
| 1:08 | Build | House |
| 2:38 | Create | Villager (Male) |
| 2:38 | Create | Villager (Male) |
| 2:38 | Create | Villager (Male) |
| 2:39 | Create | Villager (Male) |
| 3:57 | Create | Villager (Male) |
| 4:17 | Create | Fishing Ship |
| 4:41 | Build | House |
| 4:46 | Create | Villager (Male) |
| 4:46 | Create | Villager (Male) |
| 5:17 | Create | Villager (Male) |
| 5:17 | Create | Villager (Male) |
| 5:41 | Create | Fishing Ship |
| 5:45 | Create | Villager (Male) |
| 5:45 | Create | Villager (Male) |
| 5:58 | Build | House |
| 6:27 | Create | Villager (Male) |
| 6:27 | Create | Villager (Male) |
| 6:33 | Create | Fishing Ship |
| 6:57 | Create | Villager (Male) |
| 6:57 | Create | Villager (Male) |
| 6:59 | Create | Villager (Male) |
| 7:25 | Create | Villager (Male) |
| 7:28 | Create | Fishing Ship |
| 7:28 | Create | Fishing Ship |
| 7:49 | Build | House |
| 7:51 | Create | Villager (Male) |
| 8:11 | Create | Villager (Male) |
| 8:11 | Create | Villager (Male) |
| 8:12 | Create | Villager (Male) |
| 8:12 | Create | Villager (Male) |
| 8:14 | Create | Fishing Ship |
| 8:43 | Research | Loom |
| 8:52 | Build | House |
| 8:58 | Create | Villager (Male) |
| 9:08 | Build | Mill |
| 9:20 | Create | Villager (Male) |
| 9:55 | Build | Farm |
| 10:23 | Create | Villager (Male) |
| 10:36 | Build | Mining Camp |
| 10:53 | Research | Feudal Age |
| 11:26 | Build | Barracks |
| 11:30 | Build | Barracks |
| 11:58 | Create | Villager (Male) |
| 12:11 | Age | Feudal Age |
Build order — [TEMPLE]Al.Alejandr22
43 actions detected in the replay
| 0:04 | Build | Town Center |
| 1:10 | Build | Dock |
| 1:59 | Build | Palisade Wall |
| 2:00 | Build | Palisade Wall |
| 2:02 | Build | Palisade Wall |
| 2:32 | Build | Palisade Wall |
| 2:45 | Create | Villager (Male) |
| 2:45 | Create | Villager (Male) |
| 2:45 | Create | Villager (Male) |
| 2:46 | Create | Villager (Male) |
| 3:06 | Create | Fishing Ship |
| 3:10 | Build | House |
| 3:11 | Create | Villager (Male) |
| 4:04 | Create | Fishing Ship |
| 4:42 | Research | Loom |
| 4:42 | Research | Loom |
| 4:50 | Create | Fishing Ship |
| 4:50 | Create | Fishing Ship |
| 5:07 | Create | Villager (Male) |
| 5:43 | Create | Fishing Ship |
| 5:43 | Create | Fishing Ship |
| 5:52 | Build | House |
| 6:01 | Create | Villager (Male) |
| 6:29 | Create | Fishing Ship |
| 6:49 | Create | Villager (Male) |
| 6:49 | Create | Villager (Male) |
| 6:50 | Create | Villager (Male) |
| 7:17 | Create | Villager (Male) |
| 7:25 | Build | House |
| 7:39 | Create | Fishing Ship |
| 8:17 | Create | Villager (Male) |
| 8:18 | Create | Fishing Ship |
| 8:44 | Create | Villager (Male) |
| 9:05 | Build | Dock |
| 9:13 | Build | Dock |
| 9:17 | Create | Villager (Male) |
| 9:34 | Create | Villager (Male) |
| 9:56 | Create | Villager (Male) |
| 10:11 | Create | Fishing Ship |
| 10:44 | Create | Villager (Male) |
| 10:56 | Create | Villager (Male) |
| 11:06 | Build | Mining Camp |
| 11:31 | Research | Feudal Age |
Build order — Criminalss
57 actions detected in the replay
| 0:06 | Build | Town Center |
| 1:32 | Build | Dock |
| 2:29 | Create | Villager (Male) |
| 2:29 | Create | Villager (Male) |
| 2:29 | Create | Villager (Male) |
| 2:33 | Create | Villager (Male) |
| 2:33 | Create | Villager (Male) |
| 2:39 | Build | House |
| 4:01 | Research | Loom |
| 4:02 | Research | Loom |
| 4:09 | Create | Villager (Male) |
| 4:09 | Create | Villager (Male) |
| 4:29 | Create | Fishing Ship |
| 4:29 | Create | Fishing Ship |
| 4:59 | Create | Villager (Male) |
| 5:00 | Create | Villager (Male) |
| 5:00 | Create | Villager (Male) |
| 5:09 | Build | House |
| 5:26 | Create | Villager (Male) |
| 5:26 | Create | Villager (Male) |
| 5:26 | Create | Villager (Male) |
| 5:55 | Create | Villager (Male) |
| 5:55 | Create | Villager (Male) |
| 6:00 | Create | Fishing Ship |
| 6:00 | Create | Fishing Ship |
| 6:16 | Create | Villager (Male) |
| 6:16 | Create | Villager (Male) |
| 6:17 | Create | Villager (Male) |
| 6:31 | Build | House |
| 7:05 | Create | Villager (Male) |
| 7:05 | Create | Villager (Male) |
| 7:10 | Create | Fishing Ship |
| 7:10 | Create | Fishing Ship |
| 7:26 | Create | Villager (Male) |
| 7:26 | Create | Villager (Male) |
| 7:53 | Create | Villager (Male) |
| 7:56 | Create | Fishing Ship |
| 8:18 | Create | Fishing Ship |
| 8:18 | Create | Fishing Ship |
| 8:20 | Create | Villager (Male) |
| 8:20 | Create | Villager (Male) |
| 8:31 | Build | House |
| 8:56 | Create | Fishing Ship |
| 9:08 | Build | House |
| 9:13 | Create | Villager (Male) |
| 9:27 | Build | Lumber Camp |
| 10:01 | Create | Villager (Male) |
| 10:01 | Create | Villager (Male) |
| 10:01 | Create | Villager (Male) |
| 10:08 | Create | Fishing Ship |
| 11:13 | Build | Mill |
| 11:16 | Build | House |
| 11:19 | Research | Feudal Age |
| 11:19 | Research | Feudal Age |
| 11:21 | Create | Fishing Ship |
| 11:49 | Create | Fishing Ship |
| 12:23 | Build | Mining Camp |
Build order — MrSpring84
51 actions detected in the replay
| 0:24 | Build | Town Center |
| 1:11 | Build | Dock |
| 2:35 | Create | Villager (Male) |
| 2:35 | Create | Villager (Male) |
| 2:36 | Create | Villager (Male) |
| 2:36 | Create | Villager (Male) |
| 3:13 | Create | Fishing Ship |
| 3:41 | Build | House |
| 4:02 | Create | Villager (Male) |
| 4:10 | Build | House |
| 4:37 | Create | Villager (Male) |
| 5:08 | Create | Fishing Ship |
| 5:13 | Create | Villager (Male) |
| 5:28 | Create | Villager (Male) |
| 5:39 | Build | House |
| 6:04 | Build | House |
| 6:08 | Create | Villager (Male) |
| 6:14 | Create | Villager (Male) |
| 6:17 | Build | House |
| 6:45 | Create | Villager (Male) |
| 7:02 | Build | House |
| 7:06 | Create | Fishing Ship |
| 7:09 | Create | Villager (Male) |
| 7:19 | Create | Villager (Male) |
| 7:23 | Create | Villager (Male) |
| 7:29 | Create | Fishing Ship |
| 8:00 | Create | Villager (Male) |
| 8:01 | Create | Fishing Ship |
| 8:12 | Build | House |
| 8:18 | Create | Fishing Ship |
| 8:20 | Create | Villager (Male) |
| 8:45 | Build | Lumber Camp |
| 9:01 | Build | House |
| 9:03 | Create | Villager (Male) |
| 9:34 | Create | Villager (Male) |
| 9:41 | Build | Mill |
| 10:02 | Build | House |
| 10:18 | Create | Villager (Male) |
| 10:19 | Create | Fishing Ship |
| 10:24 | Build | House |
| 10:31 | Create | Villager (Male) |
| 10:39 | Build | House |
| 10:45 | Create | Fishing Ship |
| 10:48 | Build | House |
| 10:52 | Build | House |
| 11:08 | Create | Villager (Male) |
| 11:10 | Build | Mining Camp |
| 11:16 | Research | Feudal Age |
| 11:30 | Create | Fishing Ship |
| 11:57 | Build | House |
| 12:39 | Create | Villager (Male) |
Match timeline
| 1:06 | JR | cristopher7gc · first_building Dock |
| 1:10 | [TEMPLE]Al.Alejandr22 · first_building Dock |
| 1:11 | MrSpring84 · first_building Dock |
| 1:15 | THE CID · first_building Dock |
| 1:20 | SQ | dfLozanot · first_building Dock |
| 1:32 | Criminalss · first_building Dock |
| 1:58 | Dybi · first_building Dock |
| 1:59 | [TEMPLE]Al.Alejandr22 · wall_segment Palisade Wall x1 |
| 2:00 | [TEMPLE]Al.Alejandr22 · wall_segment Palisade Wall x1 |
| 2:02 | [TEMPLE]Al.Alejandr22 · wall_segment Palisade Wall x1 |
| 2:09 | SSx_Sinistro · wall_segment Palisade Wall x1 |
| 2:10 | SSx_Sinistro · wall_segment Palisade Wall x1 |
| 2:12 | SSx_Sinistro · wall_segment Palisade Wall x1 |
| 2:13 | Dybi · wall_segment Palisade Wall x1 |
| 2:14 | SSx_Sinistro · wall_segment Palisade Wall x1 |
| 2:15 | Dybi · wall_segment Palisade Wall x1 |
| 2:32 | [TEMPLE]Al.Alejandr22 · wall_segment Palisade Wall x1 |
| 5:27 | SSx_Sinistro · first_building Dock |
| 6:50 | Dybi · wall_segment Palisade Wall x1 |
| 10:32 | THE CID · wall_segment Palisade Wall x1 |
| 11:26 | JR | cristopher7gc · first_building Barracks |
| 11:54 | SSx_Sinistro · resign |
| 12:11 | JR | cristopher7gc · age_up feudal |
[ AI ANALYSIS · 1 CREDIT ]
What really happened in this match?
Wolo.gg analyzes every decision: build order, eco, micro, common mistakes by bracket. Personalized analysis on WhatsApp or Discord in 30 seconds.
Civ guide
Lithuanians
Perfil
Jugador #868427